 Dungeon Crawl Stone Soup version 0.30.0-20-g3615ddf2f0 (webtiles) character file.

Game seed: 9814062294804977892

2163 qw the Cleaver (level 9, -3/55 HPs)
             Began as a Gargoyle Fighter on May 29, 2023.
             Slain by a manticore (14 damage)
             ... on level 7 of the Dungeon.
             The game lasted 00:02:46 (6970 turns).

qw the Cleaver (Gargoyle Fighter)                   Turns: 6970, Time: 00:02:46

Health: -3/55      AC: 22    Str: 23    XL:     9   Next: 32%
Magic:  9/9        EV:  7    Int: 10    God:
Gold:   513        SH:  9    Dex:  9    Spells: 8/8 levels left

rFire   . . .        Y - +1 war axe
rCold   + . .        m - +0 kite shield
rNeg    + . .        c - +0 chain mail
rPois   inf          (helmet restricted)
rElec   +            p - +2 cloak
rCorr   .            g - +2 pair of gloves
SInv    +            (no boots)
Will    .....        u - amulet of faith Stlth
                     k - ring of see invisible
HPRegen 0.29/turn    l - ring of protection from cold
MPRegen 0.11/turn

%: clarity, faith
@: no status effects
A: sickness immunity, AC +6, negative energy resistance 1, electricity
resistance, torment resistance 1, petrification resistance, horns 1, clarity,
MP-powered wands
a: no special abilities


You were on level 7 of the Dungeon.
You visited 2 branches of the dungeon, and saw 8 of its levels.

You collected 513 gold pieces.


Innate Abilities, Weirdness & Mutations

You are immune to sickness and miasma.
Your stone body is resilient. (AC +6)
You are immune to poison.
You resist negative energy. (rN+)
You are resistant to electric shocks. (rElec)
You are resistant to unholy torment.
You are immune to petrification.
You have a pair of small horns on your head.
You possess an exceptional clarity of mind.
You expend magic power (3 MP) to strengthen your wands.


   Skills:
 - Level 6.0 Fighting
 - Level 8.0 Axes
 - Level 2.4 Throwing
 - Level 4.0 Armour
 - Level 1.4 Dodging
 + Level 7.0 Shields


You had 8 spell levels left.
You didn't know any spells.
Your spell library was empty.

Inventory:

Hand Weapons
 i - a +0 flail
 Y - a +1 war axe (weapon)
Missiles
 f - 5 boomerangs
 q - a javelin (quivered)
Armour
 c - a +0 chain mail (worn)
 g - a +2 pair of gloves (worn)
 m - a +0 kite shield (worn)
 p - a +2 cloak (worn)
 t - a +1 ring mail of fire resistance
Jewellery
 k - a ring of see invisible (left hand)
 l - a ring of protection from cold (right hand)
 u - an amulet of faith (around neck)
Scrolls
 n - 4 scrolls of identify
Potions
 a - a potion of cancellation
 b - 2 potions of lignification
 d - a potion of might
 e - 2 potions of mutation
 h - 2 potions of attraction
 o - a potion of resistance
 s - a potion of flight {unknown}

Dungeon Overview and Level Annotations

Branches:
Dungeon (7/15)             Temple (1/1) D:4

Altars:
Ashenzari
Cheibriados
Dithmenos
Elyvilon
Fedhas
Gozag
Hepliaklqana
Kikubaaqudgha
Nemelex Xobeh
Ru
Sif Muna
Trog
Uskayaw
Vehumet
Wu Jian
Yredelemnul
Zin
The Shining One

Shops:
D:2 [   D:5 *

Annotations:
D:4 2 transporters, 3 runed translucent doors, qw's ghost, novice GrFi
D:5 2 transporters
D:6 3 runed translucent doors, qw's ghost, novice GrFi


Message History

Enter note:
Enter note:
Enter note:
Enter note:
Enter note:
Enter note:
Enter note:
Enter note:
Enter note:
Enter note:
6957 ||| Stepping ~*~*~tactically~*~*~ (stealth).
A manticore is nearby!
The manticore flicks its tail.
You block the volley of spikes. The manticore bites you!
The manticore claws you but does no damage. x2
You barely miss the manticore. The manticore bites you!
The manticore barely misses you. x2
You hit the manticore.
The manticore is lightly wounded.
The manticore bites you.
The manticore claws you but does no damage. x2
You closely miss the manticore.
The manticore is lightly wounded.
The manticore bites you! The manticore completely misses you.
The manticore claws you but does no damage.
You slash the manticore! Your headbutt misses the manticore.
The manticore is heavily wounded.
You block the manticore's attack. The manticore barely misses you. x2
You slash the manticore! You headbutt the manticore.
The manticore is almost dead.
The manticore barely misses you.
The manticore claws you but does no damage. x2
You block the manticore's attack.
The manticore claws you but does no damage.
The manticore claws you.
You hit the manticore but do no damage.
The manticore is severely wounded.
The manticore bites you!
You die...

###.......##
##.....#.##
#...#####.## #..##
##.. ##.## #... ###
###..### ##...
#.#####......####...#
### ###
#.#.....###...##...##
# .. #.# ##..H@.###
###.....## <#.
#.###.....## ##...##
# #.# ##.#...##.##
##.##### ..#
##.....###..##
##.....## .# #......#
##..######........ .#
##...#.##
##........##..... ##
##...#...#
##........#....## #
##...#....##
#..###...#....###
####..........###..#
##......##


You could see a manticore.

Vanquished Creatures
  Prince Ribbit (D:7)
  Menkaure (D:7)
  An orc warrior (D:7)
  A black bear (D:6)
  An ogre (D:6)
  3 centaurs
  2 phantoms
  4 bullfrogs
  5 scorpions
  A hound (D:4)
  4 orc priests
  A gnoll bouda (D:6)
  A sleepcap (D:5)
  Jessica (D:2)
  4 iguanas
  3 orc wizards (D:5)
  4 gnolls (D:6)
  11 adders
  A shadow imp (D:7)
  2 white imps
  A worm (D:3)
  3 dart slugs
  9 orcs
  7 ball pythons
  6 endoplasms
  13 giant cockroaches
  12 goblins
  6 hobgoblins
  7 jackals
  9 kobolds
  2 quokkas
  8 bats
  3 frilled lizards
  3 rats
141 creatures vanquished.

Notes
Turn   | Place    | Note
-------+----------+-------------------------------------------
     0 | D:1      | qw the Gargoyle Fighter began the quest for the Orb.
     0 | D:1      | Reached XP level 1. HP: 14/14 MP: 1/1
     0 | D:1      | 0 ||| qw: Version: 0.2-a-102-g2b76a06
     0 | D:1      | 0 ||| qw: Game counter: 445
     0 | D:1      | 0 ||| qw: Always use a shield: true
     0 | D:1      | 0 ||| qw: God list: Okawaru
     0 | D:1      | 0 ||| qw: Allow faded altars: false
     0 | D:1      | 0 ||| qw: Do Orc after D:15 true
     0 | D:1      | 0 ||| qw: Do second Lair branch before Depths: true
     0 | D:1      | 0 ||| qw: Lair rune preference: random
     0 | D:1      | 0 ||| qw: Plans: Normal, Zot:1-4, Slime:5, God:TSO, Crypt,
                  | Tomb, Pan, Hells, Abyss, Win
     0 | D:1      | 0 ||| PLANNING D:1-11
    37 | D:1      | Reached skill level 2 in Axes
    75 | D:1      | Found a faded altar of an unknown god.
   148 | D:1      | Reached XP level 2. HP: 18/19 MP: 2/2
   355 | D:1      | 355 ||| Stepping ~*~*~tactically~*~*~ (hiding).
   364 | D:1      | Reached skill level 3 in Axes
   467 | D:1      | 467 ||| DROPPING +0 club.
   520 | D:1      | 520 ||| Stepping ~*~*~tactically~*~*~ (hiding).
   529 | D:1      | Reached XP level 3. HP: 20/23 MP: 3/3
   549 | D:1      | 549 ||| Stepping ~*~*~tactically~*~*~ (stealth).
   825 | D:1      | 825 ||| UPGRADING to +0 pair of gloves.
   830 | D:1      | 830 ||| READING scroll labelled CUKKU HUQOPONIMERU.
   848 | D:1      | 848 ||| READING scroll labelled LUZANN UCLOMM.
   909 | D:2      | Noticed Jessica
   910 | D:2      | 910 ||| Stepping ~*~*~tactically~*~*~ (hiding).
   917 | D:2      | Killed Jessica
   918 | D:2      | Reached XP level 4. HP: 28/28 MP: 4/4
  1064 | D:2      | 1064 ||| Stepping ~*~*~tactically~*~*~ (hiding).
  1065 | D:2      | 1065 ||| Stepping ~*~*~tactically~*~*~ (hiding).
  1070 | D:2      | Reached skill level 4 in Axes
  1253 | D:2      | Found Safar's Armour Boutique.
  1273 | D:2      | 1273 ||| SHOPLISTING +2 robe of cold resistance (247 gold,
                  | have 147).
  1304 | D:2      | Found an opulent altar of Gozag.
  1346 | D:2      | Reached XP level 5. HP: 32/32 MP: 5/5
  1449 | D:2      | 1449 ||| UPGRADING to +0 kite shield.
  1459 | D:2      | 1459 ||| DROPPING +0 buckler.
  1460 | D:2      | 1460 ||| UPGRADING to ring of see invisible.
  1461 | D:2      | 1461 ||| UPGRADING to ring of protection from cold.
  1462 | D:2      | 1462 ||| READING scroll labelled MAOLUN SUARUPN.
  1463 | D:2      | 1463 ||| READING scroll labelled VUTOPENN TIMOAGUPN.
  1464 | D:2      | 1464 ||| READING scroll labelled ZYLOITUPIN.
  1465 | D:2      | 1465 ||| DRINKING 2 black potions.
  1465 | D:2      | Gained mutation: You have a pair of small horns on your
                  | head. [potion of mutation]
  1465 | D:2      | Gained mutation: You possess an exceptional clarity of
                  | mind. [potion of mutation]
  1465 | D:2      | Gained mutation: You expend magic power (3 MP) to
                  | strengthen your wands. [potion of mutation]
  1466 | D:2      | 1466 ||| DRINKING 2 fuming orange potions.
  1771 | D:3      | Found a snail-covered altar of Cheibriados.
  1772 | D:3      | 1772 ||| READING scroll labelled SYESOADOHI.
  1773 | D:3      | 1773 ||| READING 4 scrolls of identify.
  1773 | D:3      | 1773 ||| IDENTIFYING smoky brown potion
  1829 | D:3      | 1829 ||| Stepping ~*~*~tactically~*~*~ (stealth).
  1877 | D:3      | Reached skill level 1 in Throwing
  2530 | D:3      | 2530 ||| UPGRADING to +0 chain mail.
  2540 | D:3      | 2540 ||| DROPPING +0 scale mail.
  2541 | D:3      | 2541 ||| READING scroll labelled JICLIO MIUR.
  2653 | D:4      | Found a transporter.
  2666 | D:4      | Found a transporter.
  2672 | D:4      | 2672 ||| Stepping ~*~*~tactically~*~*~ (stealth).
  2673 | D:4      | 2673 ||| Stepping ~*~*~tactically~*~*~ (stealth).
  2688 | D:4      | Found a broken altar of Ashenzari.
  2721 | D:4      | Reached XP level 6. HP: 24/37 MP: 6/6
  2739 | D:4      | 2739 ||| FLEEEEING.
  2741 | D:4      | 2741 ||| Stepping ~*~*~tactically~*~*~ (stealth).
  2742 | D:4      | 2742 ||| Stepping ~*~*~tactically~*~*~ (stealth).
  2833 | D:4      | Found a staircase to the Ecumenical Temple.
  2834 | D:4      | 2834 ||| PLANNING TEMPLE
  2834 | D:4      | 2834 ||| READING scroll labelled VOPSIY DIONARU.
  2837 | D:4      | 2837 ||| READING scroll labelled UTISY DYRPHIE.
  2838 | D:4      | 2838 ||| READING 4 scrolls of identify.
  2838 | D:4      | 2838 ||| IDENTIFYING fizzy cyan potion
  2839 | D:4      | 2839 ||| READING 3 scrolls of identify.
  2839 | D:4      | 2839 ||| IDENTIFYING puce potion
  2862 | Temple   | Entered the Ecumenical Temple
  3149 | Temple   | 3149 ||| PLANNING D:1-11
  3315 | D:4      | 3315 ||| Stepping ~*~*~tactically~*~*~ (stealth).
  3398 | D:4      | Found a runed translucent gate.
  3398 | D:4      | Found a runed translucent gate.
  3398 | D:4      | Found a runed translucent gate.
  3402 | D:4      | Noticed qw's ghost (novice GrFi)
  3470 | D:4      | 3470 ||| Stepping ~*~*~tactically~*~*~ (stealth).
  3676 | D:4      | 3676 ||| UPGRADING to +1 cloak.
  3685 | D:5      | Entered Level 5 of the Dungeon
  3700 | D:5      | 3700 ||| Stepping ~*~*~tactically~*~*~ (stealth).
  3748 | D:5      | Reached skill level 5 in Axes
  3768 | D:5      | HP: 6/38 [orc priest/divine providence (11)]
  3771 | D:5      | Reached XP level 7. HP: 7/43 MP: 7/7
  3774 | D:5      | 3774 ||| FLEEEEING.
  3778 | D:5      | 3778 ||| FLEEEEING.
  3780 | D:5      | 3780 ||| FLEEEEING.
  3781 | D:5      | 3781 ||| FLEEEEING.
  3782 | D:5      | 3782 ||| FLEEEEING.
  3783 | D:5      | 3783 ||| FLEEEEING.
  3784 | D:5      | 3784 ||| FLEEEEING.
  3785 | D:5      | 3785 ||| FLEEEEING.
  3786 | D:5      | 3786 ||| FLEEEEING.
  3787 | D:5      | 3787 ||| FLEEEEING.
  3788 | D:5      | 3788 ||| FLEEEEING.
  3789 | D:5      | 3789 ||| FLEEEEING.
  3790 | D:5      | 3790 ||| FLEEEEING.
  3791 | D:5      | 3791 ||| FLEEEEING.
  3792 | D:5      | 3792 ||| FLEEEEING.
  3793 | D:5      | 3793 ||| FLEEEEING.
  3794 | D:5      | 3794 ||| FLEEEEING.
  3795 | D:5      | 3795 ||| FLEEEEING.
  3796 | D:5      | 3796 ||| FLEEEEING.
  3797 | D:5      | 3797 ||| STAIRDANCE
  3900 | D:4      | 3900 ||| READING scroll labelled EMIKHE DUMAORCH.
  3901 | D:4      | 3901 ||| READING 3 scrolls of identify.
  3901 | D:4      | 3901 ||| IDENTIFYING amethyst potion
  3902 | D:4      | 3902 ||| DROPPING potion of degeneration.
  4014 | D:5      | 4014 ||| DROPPING +0 whip.
  4017 | D:5      | Found a transporter.
  4028 | D:5      | Found Zuka's Assorted Antiques.
  4030 | D:5      | 4030 ||| Stepping ~*~*~tactically~*~*~ (hiding).
  4031 | D:5      | 4031 ||| Stepping ~*~*~tactically~*~*~ (hiding).
  4031 | D:5      | Found a transporter.
  4032 | D:5      | 4032 ||| Stepping ~*~*~tactically~*~*~ (hiding).
  4195 | D:5      | Reached skill level 6 in Axes
  4224 | D:5      | Reached skill level 6 in Shields
  4304 | D:5      | Reached skill level 1 in Dodging
  4304 | D:5      | Reached XP level 8. HP: 41/48 MP: 8/8
  4333 | D:5      | You fall into a shaft and drop 1 floor!
  4569 | D:6      | 4569 ||| READING scroll of enchant armour.
  4569 | D:6      | 4569 ||| ENCHANTING +0 pair of gloves.
  4621 | D:6      | Reached skill level 7 in Axes
  4692 | D:6      | 4692 ||| Stepping ~*~*~tactically~*~*~ (stealth).
  4694 | D:6      | 4694 ||| Stepping ~*~*~tactically~*~*~ (hiding).
  4808 | D:6      | 4808 ||| Stepping ~*~*~tactically~*~*~ (stealth).
  4809 | D:6      | 4809 ||| Stepping ~*~*~tactically~*~*~ (stealth).
  4950 | D:6      | Noticed a two-headed ogre
  4952 | D:6      | 4952 ||| Stepping ~*~*~tactically~*~*~ (stealth).
  4957 | D:6      | HP: 9/49 [two-headed ogre/+0 giant spiked club (27)]
  4958 | D:6      | 4958 ||| READING 2 scrolls of teleportation.
  4960 | D:6      | HP: 4/49 [two-headed ogre/+0 giant spiked club (6)]
  5250 | D:6      | Found an ancient bone altar of Kikubaaqudgha.
  5252 | D:6      | Found a shimmering blue altar of Sif Muna.
  5271 | D:6      | Found a radiant altar of Vehumet.
  5327 | D:6      | Found a runed translucent gate.
  5327 | D:6      | Noticed qw's ghost (novice GrFi)
  5328 | D:6      | Found a runed translucent gate.
  5329 | D:6      | Found a runed translucent gate.
  5330 | D:6      | Noticed a kobold demonologist
  5456 | D:6      | 5456 ||| UPGRADING to amulet of faith.
  5461 | D:6      | 5461 ||| READING scroll labelled VER GAENLY.
  5462 | D:6      | 5462 ||| READING 4 scrolls of identify.
  5462 | D:6      | 5462 ||| IDENTIFYING smoky grey potion
  5533 | D:7      | 5533 ||| READING scroll of enchant armour.
  5533 | D:7      | 5533 ||| ENCHANTING +1 pair of gloves.
  5994 | D:7      | 5994 ||| READING scroll of enchant armour.
  5994 | D:7      | 5994 ||| ENCHANTING +1 cloak.
  6043 | D:7      | Noticed Prince Ribbit
  6056 | D:7      | Killed Prince Ribbit
  6057 | D:7      | Reached XP level 9. HP: 48/54 MP: 9/9
  6135 | D:7      | Reached skill level 8 in Axes
  6145 | D:7      | Noticed a manticore
  6153 | D:7      | HP: 12/54 [manticore (6)]
  6154 | D:7      | 6154 ||| READING scroll of teleportation.
  6155 | D:7      | 6155 ||| DRINKING potion of heal wounds.
  6420 | D:7      | HP: 12/54 [orc warrior/+0 scimitar (4)]
  6421 | D:7      | 6421 ||| READING 2 scrolls of teleportation.
  6521 | D:7      | HP: 7/54 [manticore (11)]
  6522 | D:7      | 6522 ||| READING scroll of teleportation.
  6742 | D:7      | Noticed Menkaure
  6743 | D:7      | 6743 ||| Stepping ~*~*~tactically~*~*~ (hiding).
  6756 | D:7      | Killed Menkaure
  6757 | D:7      | Reached skill level 6 in Fighting
  6957 | D:7      | 6957 ||| Stepping ~*~*~tactically~*~*~ (stealth).
  6969 | D:7      | HP: 11/55 [manticore (5)]
  6970 | D:7      | Slain by a manticore

Levels and vault maps discovered:
D:1:      scummos_arrival_forest, layout_loops_ring,
          shapermc_ecumenical_altar_notcrosses, corexii_corridor_pit,
          minmay_ruptured
D:2:      minmay_roachtagon, layout_basic, basic_altar, serial_shops, shop,
          amcnicky_mini_corridor_feature, solitary_fountain, uniq_jessica
D:3:      layout_basic, cheibrodos_worm_habitat, feat_on_display
D:4:      gammafunk_steamed_eel, layout_loops_ring,
          mainiacjoe_overflow_alcove_2, temple_pool_b,
          ebering_ghost_rock_garden, hangedman_abyss_or_decor_jellyfish_corner
D:5:      layout_cave_pools, serial_shops, nicolae_shop_drivethru,
          dreamdust_princess_corridor
D:6:      layout_loops_ring, grunt_temple_overflow_magic_moments,
          gammafunk_ghost_nasty_kobolds, serial_park_tiny_1
D:7:      layout_layer_cave, grunt_ministairs_4, uniq_menkaure,
          uniq_prince_ribbit1
Temple:   oiseaux_autumnal_temple

Skill      XL: |  1  2  3  4  5  6  7  8  9 |
---------------+----------------------------+-----
Axes           | 2 3 4 5 6 7 8 |  8.0
Throwing       | 1 2 |  2.4
Shields        | 4 5 6 7 |  7.0
Fighting       | 4 5 6 |  6.0
Dodging        | 1 |  1.4
Armour         | 4 |  4.0

Action                     |  1- 3 |  4- 6 |  7- 9 || total
---------------------------+-------+-------+-------++-------
  Melee: War axe           |    79 |   126 |   180 ||   385
         Headbutt          |       |    15 |    37 ||    52
  Throw: Boomerang         |    15 |    29 |    18 ||    62
         Javelin           |       |    23 |    16 ||    39
    Use: Scroll            |     2 |    10 |    11 ||    23
         Potion            |       |     2 |     1 ||     3
 Armour: Scale mail        |    48 |    45 |       ||    93
         Chain mail        |       |    30 |   118 ||   148
  Dodge: Dodged            |    38 |    53 |    71 ||   162
  Block: Buckler           |    15 |    13 |       ||    28
         Kite shield       |       |    39 |   102 ||   141

Table legend:
 A = Non-vault XP
 B = Vault XP
 C = Vault XP percentage of total XP
 D = Non-vault monster count
 E = Vault monster count
 F = Vault count percentage of total count
                 A         B        C        D         E       F
            +---------+---------+-------+---------+---------+-------
      Total |    2303 |     788 |  25.5 |     117 |      24 |  17.0
            +---------+---------+-------+---------+---------+-------
        D:1 |      43 |      11 |  20.4 |      25 |       4 |  13.8
        D:2 |      52 |      59 |  53.2 |      17 |      12 |  41.4
        D:3 |      52 |       5 |   8.8 |      17 |       1 |   5.6
        D:4 |     124 |       0 |   0.0 |      15 |       0 |   0.0
        D:5 |     897 |       0 |   0.0 |      23 |       0 |   0.0
        D:6 |     757 |       0 |   0.0 |      13 |       0 |   0.0
        D:7 |     378 |     713 |  65.4 |       7 |       7 |  50.0
            +---------+---------+-------+---------+---------+-------
